 Dungeon Crawl Stone Soup version 0.30-b1-2-g02819fbbbe (webtiles) character file.

Game seed: 16732564599950945471

16524 qborf the Jinx (level 12, 0/91 (97) HPs)
             Began as a Formicid Enchanter on May 14, 2023.
             Was a High Priest of Cheibriados.
             Slain by a cane toad (17 damage)
             ... on level 4 of the Lair of Beasts on May 15, 2023.
             The game lasted 00:30:26 (17636 turns).

qborf the Jinx (Formicid Enchanter)                Turns: 17636, Time: 00:30:26

HP:   0/91 (97)     AC:  5    Str: 26    XL:     12   Next: 71%
MP:   25/25         EV: 13    Int: 36    God:    Cheibriados [*****.]
Gold: 783           SH:  0    Dex: 35    Spells: 17/29 levels left

rFire   . . .        b - +2 dagger (elec)
rCold   . . .        (no shield)
rNeg    . . .        L - +1 robe {Will+}
rPois   +            (helmet unavailable)
rElec   +            (no cloak)
rCorr   .            p - +0 pair of gloves
SInv    +            M - +0 pair of boots of the Crushed Quests {rElec Will- Int+5 Dex+3}
Will    +....        (no amulet)
Stlth   ++++++       I - +6 ring of dexterity
HPRegen 0.35/turn    v - ring of poison resistance
MPRegen 0.19/turn

%: no passive effects
@: lethally poisoned (0 -> -6), drained, very slow
A: permanent stasis, dig shafts and tunnels, antennae 3, four strong arms
a: Dig, Shaft Self, Renounce Religion, Bend Time, Temporal Distortion, Slouch,
Step From Time


You were on level 4 of the Lair of Beasts.
You worshipped Cheibriados.
Cheibriados was extremely pleased with you.
You visited 3 branches of the dungeon, and saw 16 of its levels.

You collected 783 gold pieces.

Inventory:

Hand Weapons
 a - the +3 dagger of Juthuvir {heavy, rC+ rN++ Int-3}
   (You found it on level 5 of the Dungeon)

   Int:       It affects your intelligence (-3).
   rC:        It protects you from cold.
   rN:        It greatly protects you from negative energy.
 b - a +2 dagger of electrocution (weapon)
 d - a +2 dagger of holy wrath
 H - a +2 dagger of freezing
Missiles
 k - 2 throwing nets
 E - 2 poisoned darts (quivered)
Armour
 p - a +0 pair of gloves (worn)
 B - +0 acid dragon scales
 L - a +1 robe of willpower (worn)
 M - the +0 pair of boots of the Crushed Quests (worn) {rElec Will- Int+5 Dex+3}
   (You found it on level 10 of the Dungeon)

   Int:       It affects your intelligence (+5).
   Dex:       It affects your dexterity (+3).
   rElec:     It insulates you from electricity.
   Will:      It decreases your willpower.
Jewellery
 n - a ring of fire
 v - a ring of poison resistance (right hand)
 I - a +6 ring of dexterity (left hand)
 O - the ring of Huol {rF+ rC+ Dex+3}
   (You found it on level 2 of the Lair of Beasts)

   [ring of protection from fire]

   Dex:       It affects your dexterity (+3).
   rF:        It protects you from fire.
   rC:        It protects you from cold.
 P - a ring of ice
Wands
 o - a wand of paralysis (18)
 z - a wand of flame (33)
 C - a wand of acid (26)
 G - a wand of mindburst (5)
 K - a wand of polymorph (14)
Scrolls
 e - 3 scrolls of magic mapping
 f - a scroll of butterflies
 h - a scroll of immolation
 w - 3 scrolls of enchant weapon
 x - a scroll of poison
 y - a scroll of enchant armour
 F - a scroll of amnesia
 N - 2 scrolls of fear {unknown}
 Q - 2 scrolls of vulnerability {unknown}
Potions
 c - 4 potions of invisibility
 g - a potion of brilliance {unknown}
 i - 2 potions of mutation {unknown}
 j - 4 potions of lignification {unknown}
 l - 3 potions of might {unknown}
 m - 3 potions of ambrosia {unknown}
 q - a potion of cancellation {unknown}
 r - 2 potions of haste {unknown}
 s - 4 potions of degeneration {unknown}
 t - 5 potions of heal wounds
 u - 6 potions of curing {unknown}
 A - a potion of magic {unknown}
 D - 3 potions of attraction {unknown}
 J - 4 potions of berserk rage {unknown}
 R - a potion of experience {unknown}


   Skills:
 + Level 9.7 Fighting
 + Level 6.6 Short Blades
 - Level 1.7 Dodging
 + Level 12.1 Stealth
 + Level 9.2 Spellcasting
 + Level 12.4 Hexes
 - Level 3.0 Ice Magic
 * Level 3.8 Invocations


You had 17 spell levels left.
You knew the following spells:

 Your Spells              Type           Power      Damage    Failure   Level
a - Ensorcelled Hibernat  Hex/Ice        100%       N/A       1%          2
b - Confusing Touch       Hex            82%        N/A       1%          3
c - Tukima's Dance        Hex            82%        N/A       1%          3
d - Cause Fear            Hex            41%        N/A       1%          4

Your spell library contained the following spells:

 Spells                   Type           Power      Damage    Failure   Level
 Dazzling Flash           Conj/Hex       100%       N/A       1%          3
 Anguish                  Hex/Necr       28%        N/A       1%          4
 Shock                    Conj/Air       64%        1d7       2%          1
 Passwall                 Tmut/Erth      13%        N/A       3%          2
 Spider Form              Tmut/Pois      16%        N/A       8%          3
 Airstrike                Air            8%         2d(2-18)  26%         4
 Manifold Assault         Tloc           16%        N/A       26%         4
 Alistair's Intoxication  Tmut/Pois      10%        N/A       56%         5
 Borgnjor's Vile Clutch   Necr/Erth      8%         N/A       56%         5
 Dispersal                Tloc           8%         N/A       98%         6
 Eringya's Noxious Bog    Tmut/Pois      8%         N/A       98%         6
 Dragon Form              Tmut           8%         N/A       100%        7
 Storm Form               Tmut/Air       8%         N/A       100%        7
 Disjunction              Tloc           8%         N/A       100%        8
 Dragon's Call            Summ           8%         N/A       100%        9
 Blink                    Tloc           Unusable   N/A       N/A         2
 Swiftness                Air            Unusable   N/A       N/A         3

Dungeon Overview and Level Annotations

Branches:
Dungeon (11/15)            Temple (1/1) D:6            Lair (4/5) D:10
  Swamp (0/4) Lair:2        Snake (0/4) Lair:3
  Slime: Lair:4-5       Orc: D:9-12

Altars:
Ashenzari
Cheibriados
Dithmenos
Elyvilon
Fedhas
Gozag
Hepliaklqana
Kikubaaqudgha
Makhleb
Nemelex Xobeh
Okawaru
Qazlal
Ru
Sif Muna
Trog
Uskayaw
Vehumet
Wu Jian
Xom
Yredelemnul
Zin
The Shining One

Shops:
D:4 [

Annotations:
D:2 1 runed translucent door, Crazy Yiuf
D:10 exclusion: 3 doors


Innate Abilities, Weirdness & Mutations

You cannot be hasted, slowed, berserked, paralysed or teleported.
You can dig through walls and to a lower floor.
You have a pair of large antennae on your head. (SInv)
Your four strong arms can wield two-handed weapons with a shield.


Message History

Moving in this stuff is going to be slow.
There is a stone staircase leading up here.
Casting: Confusing Touch (safe; 1% risk of failure)
Confirm with . or Enter, or press ? or * to list all spells.
Aiming: Ensorcelled Hibernation (safe; 1% risk of failure)
Press: ? - help, Shift-Dir - straight line, f - elephant
Aim: an elephant (chance to affect: 37%)
The elephant easily resists.
The elephant tramples you!
You stumble backwards!
Splash!
You fall into the shallow water.
Moving in this stuff is going to be slow.
You stop ascending the stairs.
The elephant trumpets!
You hear a loud, deep croak!
Found a scroll labelled LIAP KEPTAWK.
The elephant tramples you but does no damage.
The elephant trunk-slaps you but does no damage.
A cane toad comes into view. x2
The elephant tramples you!
You hold your ground!
The elephant trunk-slaps you. The elephant tramples you!
You hold your ground!
The elephant trunk-slaps you but does no damage.
The elephant tramples you.
You stumble backwards!
The elephant attacks as you move away! The elephant misses you.
The elephant trunk-slaps you but does no damage.
Found an escape hatch in the ceiling.
The cane toad barely misses you. The cane toad stings you!!
The cane toad stings you.
You are poisoned.
The cane toad poisons you! The cane toad closely misses you.
The cane toad attacks as you move away! The cane toad stings you.
Found 15 gold pieces.
You feel very sick. The cane toad misses you. The cane toad stings you!
* * * LOW HITPOINT WARNING * * *
You extend your mandibles.
You dig through the rock wall.
You feel drained.
You feel very sick.
The cane toad gives a loud, deep croak!
The cane toad stings you!
You die...

## ....## #### #.##
#....PP#
P.#.##..P#.#....P#
.<................
............?.F...
.. ................
... ...........$....
#.#####.##F#.....#
###.~.~..YY.#@#
##...~≈~~~.Y###....#
#P..~≈≈≈≈≈~..# ....#
#..~≈≈~~~~~~~#
#.....#
#P.~≈≈..~~≈~.#
....##
##.~~≈~<~~≈≈~# ...##
.##..~~~..~≈≈≈.# ..#
...~~~≈~~~~≈≈~.# ..#
..##..~≈~≈≈~~..#


You could see 2 cane toads.

Vanquished Creatures
  A hydra (Lair:3)
  A two-headed ogre (D:10)
  Pikel (D:5)
  3 black mambas
  3 cane toads (Lair:1)
  A rime drake (Lair:3)
  3 komodo dragons
  2 trolls (D:10)
  4 polar bears
  12 blink frogs (Lair:1)
  Grinder (D:3)
  A spriggan (Lair:3)
  Sigmund (D:3)
  6 yaks
  5 wyverns
  A steam dragon (D:6)
  Menkaure (D:5)
  3 nagas (Lair:3)
  An acid dragon (D:9)
  9 water moccasins
  3 orc warriors
  6 black bears
  6 centaurs
  2 lemures (D:5)
  Blork the orc (D:6)
  8 bullfrogs
  3 scorpions
  7 wights
  12 killer bees
  A howler monkey (D:8)
  8 electric eels
  A jelly (D:5)
  2 hounds (D:5)
  3 orc priests
  2 gnoll boudas
  3 sleepcaps
  Terence (D:3)
  Jessica (D:2)
  2 iguanas
  Ijyb (D:5)
  10 orc wizards
  Robin (D:2)
  11 gnolls
  5 adders
  A shadow imp (D:7)
  A white imp (D:7)
  2 worms
  A dart slug (D:4)
  23 orcs
  6 bats
  4 endoplasms
  3 giant cockroaches
  11 goblins
  9 hobgoblins
  8 jackals
  5 quokkas
  12 ball pythons
  3 frilled lizards
  5 kobolds
  4 rats
258 creatures vanquished.

Vanquished Creatures (collateral kills)
  An orc warrior (D:9)
  9 wights
  A gnoll (D:10)
  An orc (D:10)
12 creatures vanquished.

Vanquished Creatures (others)
  2 dancing weapons
  5 fungi
  22 plants
29 creatures vanquished.

Grand Total: 299 creatures vanquished

Notes
Turn   | Place    | Note
-------+----------+-------------------------------------------
     0 | D:1      | qborf the Formicid Enchanter began the quest for the Orb.
     0 | D:1      | Reached XP level 1. HP: 13/13 MP: 3/3
   278 | D:1      | Reached XP level 2. HP: 12/19 MP: 5/5
   294 | D:1      | Learned a level 2 spell: Ensorcelled Hibernation
   583 | D:1      | Reached skill level 1 in Ice Magic
   588 | D:1      | Reached XP level 3. HP: 22/25 MP: 2/6
  1184 | D:1      | Reached XP level 4. HP: 25/31 MP: 4/7
  1261 | D:2      | Noticed Robin
  1379 | D:2      | Learned a level 3 spell: Confusing Touch
  1624 | D:2      | Killed Robin
  1625 | D:2      | Reached skill level 1 in Fighting
  1703 | D:2      | Noticed Jessica
  1934 | D:2      | Found a runed translucent door.
  1935 | D:2      | Noticed Crazy Yiuf
  2100 | D:2      | Killed Jessica
  2101 | D:2      | Reached XP level 5. HP: 21/37 MP: 5/9
  2520 | D:3      | Noticed Terence
  2526 | D:3      | Killed Terence
  2794 | D:3      | Found a glowing golden altar of the Shining One.
  2910 | D:3      | Noticed a black bear
  2992 | D:3      | Noticed Sigmund
  3009 | D:3      | Killed Sigmund
  3010 | D:3      | Reached skill level 5 in Hexes
  3010 | D:3      | Reached XP level 6. HP: 34/44 MP: 2/10
  3251 | D:3      | Noticed Grinder
  3642 | D:4      | Found Urau's Antique Armour Emporium.
  3793 | D:4      | Reached XP level 7. HP: 48/50 MP: 6/11
  3977 | D:4      | Found an opulent altar of Gozag.
  3977 | D:4      | Found a sparkling altar of Nemelex Xobeh.
  4704 | D:3      | Killed Grinder
  4705 | D:3      | Reached skill level 5 in Stealth
  4798 | D:3      | Reached XP level 8. HP: 52/58 MP: 10/13
  5248 | D:5      | Entered Level 5 of the Dungeon
  5248 | D:5      | Noticed Menkaure
  5256 | D:5      | Killed Menkaure
  5511 | D:5      | Identified the +3 dagger of Juthuvir {heavy, rC+ rN++
                  | Int-3}
  5552 | D:5      | Noticed Ijyb
  5824 | D:5      | Learned a level 3 spell: Tukima's Dance
  6014 | D:5      | Noticed Pikel
  6133 | D:5      | Found a hide-covered altar of Uskayaw.
  6134 | D:5      | Found a white marble altar of Elyvilon.
  6216 | D:5      | Killed Pikel
  6217 | D:5      | Reached XP level 9. HP: 32/66 MP: 6/16
  6393 | D:5      | Found a basalt altar of Yredelemnul.
  6429 | D:5      | Found a shimmering blue altar of Sif Muna.
  6479 | D:5      | Killed Ijyb
  6701 | D:6      | Found a radiant altar of Vehumet.
  6893 | D:6      | Reached skill level 5 in Spellcasting
  6897 | D:6      | Found a staircase to the Ecumenical Temple.
  6966 | Temple   | Entered the Ecumenical Temple
  7112 | Temple   | Became a worshipper of Cheibriados the Contemplative
  7466 | D:6      | Noticed Blork the orc
  7476 | D:6      | Killed Blork the orc
  7592 | D:6      | Reached skill level 5 in Fighting
  8006 | D:7      | Reached * piety under Cheibriados
  8007 | D:7      | Reached skill level 5 in Short Blades
  8009 | D:7      | Reached XP level 10. HP: 58/74 MP: 6/18
  8352 | D:7      | Reached skill level 10 in Hexes
 10315 | D:8      | Reached ** piety under Cheibriados
 11080 | D:9      | Identified the +7 hand axe of Repnecw {protect, rC+ Dex+3}
 11831 | D:10     | Entered Level 10 of the Dungeon
 12148 | D:10     | Reached *** piety under Cheibriados
 12432 | D:10     | Found a staircase to the Lair.
 12437 | D:10     | Reached XP level 11. HP: 83/83 MP: 20/20
 12807 | D:10     | Identified the +0 pair of boots of the Crushed Quests
                  | {rElec Will- Int+5 Dex+3}
 12872 | D:10     | Noticed a death yak
 12908 | D:10     | Noticed a two-headed ogre
 12912 | D:10     | Killed a two-headed ogre
 13188 | D:11     | Noticed a skeletal warrior
 13188 | D:11     | Noticed a skeletal warrior
 13188 | D:11     | Noticed a skeletal warrior
 13506 | Lair:1   | Entered Level 1 of the Lair of Beasts
 13513 | Lair:1   | Reached skill level 10 in Stealth
 13899 | Lair:1   | Reached **** piety under Cheibriados
 14255 | Lair:1   | Reached XP level 12. HP: 94/94 MP: 24/24
 15016 | Lair:2   | Reached ***** piety under Cheibriados
 15193 | Lair:2   | Identified the ring of Huol {rF+ rC+ Dex+3}
 15384 | Lair:2   | Found a staircase to the Swamp.
 15392 | Lair:2   | Reached skill level 1 in Invocations
 16711 | Lair:3   | Found a staircase to the Snake Pit.
 17378 | Lair:3   | Noticed a six-headed hydra
 17385 | Lair:3   | Killed a six-headed hydra
 17619 | Lair:3   | Learned a level 4 spell: Cause Fear
 17636 | Lair:4   | Slain by a cane toad

Illustrated notes

Levels and vault maps discovered:
D:1:      minmay_arrival_stair_chambers, layout_loops_corners, minmay_cupped
D:2:      layout_loops_ring, uniq_robin, uniq_jessica, uniq_crazy_yiuf_cottage
D:3:      layout_basic, tso_oasis_becter, chequers_decorated_corner,
          st_stairs_10, chequers_serial_rivers_micro_a,
          minmay_misc_feat_diagonals, nicolae_eternal_life,
          minmay_stone_trees_small, uniq_sigmund, uniq_terence, uniq_grinder
D:4:      layout_basic, grunt_temple_overflow_opulence, serial_shops, shop
D:5:      layout_basic, marbit_many_paths, lemuel_blue_sif_altar,
          gammafunk_temple_overflow_pools, uniq_pikel, uniq_menkaure, uniq_ijyb
D:6:      layout_basic, mainiacjoe_overflow_brackets,
          minmay_temple_entry_large_hall, chequers_big_river, uniq_blork_the_orc
D:7:      layout_layer_cave
D:8:      layout_cave_pods
D:9:      layout_irregular_city
D:10:     argonaut_augean_stables, layout_irregular_city, david_lair_generic
D:11:     due_chaos_kobolds, layout_cave_pools, david_orc_3
Temple:   nicolae_temple_superstar
Lair:1:   layout_small_grid, infiniplex_staircase_pool
Lair:2:   layout_cellular_growth, minmay_swamp_entry_eels,
          cheibrodos_lair_lostbears
Lair:3:   wad_woods_04, layout_cave_pods, nicolae_snake_entry_squirm
Lair:4:   nzn_motion_control, layout_hall_layers, dpeg_slime_entry_enclosed,
          nicolae_lair_grazing_beasts [nicolae_sub_lair_graze_edge,
          nicolae_sub_lair_graze_edge, nicolae_sub_lair_graze_edge,
          nicolae_sub_lair_graze_edge], grunt_megastairs_1,
          infiniplex_staircase_pool_2, lemuel_fruit_tree

Skill      XL: |  1  2  3  4  5  6  7  8  9 10 11 12 |
---------------+-------------------------------------+-----
Ice Magic      | 1 2 3 |  3.0
Hexes          | 4 5 6 8 9 11 12 | 12.4
Fighting       | 1 2 3 4 5 6 8 9 |  9.7
Stealth        | 4 5 6 7 8 11 12 | 12.1
Short Blades   | 2 3 4 5 6 |  6.6
Spellcasting   | 3 4 5 6 8 9 |  9.2
Invocations    | 3 |  3.8
Dodging        | |  1.7

Action                     |  1- 3 |  4- 6 |  7- 9 | 10-12 || total
---------------------------+-------+-------+-------+-------++-------
  Melee: Dagger            |    80 |   108 |   109 |   268 ||   565
         Punch             |       |     2 |     1 |     4 ||     7
  Throw: Dart              |       |       |     1 |       ||     1
   Cast: Ensorcelled Hiber |     6 |    48 |    66 |   116 ||   236
         Confusing Touch   |       |     1 |     8 |    25 ||    34
         Tukima's Dance    |       |       |     5 |    37 ||    42
Ability: Dig               |       |       |     1 |     3 ||     4
  Evoke: Wand              |       |       |     6 |    15 ||    21
    Use: Potion            |     1 |       |       |       ||     1
         Scroll            |       |       |       |    11 ||    11
   Stab: Sleeping          |     9 |    40 |    47 |    88 ||   184
         Confused          |       |       |     5 |    16 ||    21
         Distracted        |       |       |       |     3 ||     3
 Armour: Robe              |    12 |    25 |    13 |    49 ||    99
  Dodge: Dodged            |    56 |    62 |    62 |   162 ||   342
